 Dungeon Crawl Stone Soup version 0.25-b1-23-ge2ad7d536c (webtiles) character file.

Game seed: 15131742613642944868, levelgen mode: deterministic

35 Masnef the Sneak (level 3, -2/16 HPs)
             Began as a Spriggan Enchanter on May 31, 2020.
             Killed from afar by Sigmund (10 damage)
             ... with a magic dart
             ... on level 2 of the Dungeon.
             The game lasted 00:03:59 (2025 turns).

Masnef the Sneak (Spriggan Enchanter)               Turns: 2025, Time: 00:04:00

Health: -2/16      AC:  2    Str:  4    XL:     3   Next: 16%
Magic:  8/8        EV: 18    Int: 17    God:
Gold:   77         SH:  0    Dex: 16    Spells: 1/7 levels left

rFire    . . .     SeeInvis +   a - +1 dagger
rCold    . . .     Gourm    .   (shield restricted)
rNeg     . . .     Faith    .   b - +0 robe
rPois    .         Spirit   .   (helmet restricted)
rElec    .         Reflect  .   (no cloak)
rCorr    .         Harm     .   (gloves unavailable)
MR       .....                  (boots unavailable)
Stlth    +++.......             (no amulet)
HPRegen  0.05/turn              (no ring)
MPRegen  0.11/turn              (no ring)

@: very quick
A: very small, unfitting armour, see invisible, herbivore, speed 3, slow
metabolism 2
a: no special abilities


You were on level 2 of the Dungeon.
You were not hungry.

You visited 1 branch of the dungeon, and saw 2 of its levels.

You collected 77 gold pieces.

Inventory:

Hand Weapons
 a - a +1 dagger (weapon)
Armour
 b - a +0 robe (worn)
Jewellery
 h - a cursed amulet of inaccuracy {unknown}
Scrolls
 c - 2 scrolls of magic mapping {unknown}
 g - a scroll of immolation {unknown}
 j - a scroll of enchant armour {unknown}
 l - a scroll of identify {unknown}
Potions
 e - 2 potions of curing {unknown}
 f - a potion of haste {unknown}
 i - a potion of heal wounds {unknown}
 k - a potion of flight {unknown}
Comestibles
 d - 4 rations


   Skills:
 - Level 1.1 Short Blades
 - Level 3.0 Dodging
 + Level 6.6 Stealth
 - Level 2.6 Spellcasting
 - Level 3.6 Hexes


You had one spell level left.
You knew the following spells:

 Your Spells              Type           Power        Failure   Level  Hunger
a - Corona                Hex            ##.....      4%          1    #......
b - Ensorcelled Hibernat  Hex/Ice        #.....       13%         2    ##.....
c - Confusing Touch       Hex            ##......     12%         3    ###....

Your spell library contained the following spells:

 Spells                   Type           Power        Failure   Level  Hunger
 Tukima's Dance           Hex            ##......     12%         3    ###....
 Dazzling Flash           Conj/Hex       #.....       26%         3    ###....


Dungeon Overview and Level Annotations

Branches:
Dungeon (2/15)

Altars:
Gozag

Annotations:
D:2 Robin, Sigmund


Innate Abilities, Weirdness & Mutations

You are very small and have problems with some larger weapons.
You are too small for most types of armour.
You have supernaturally acute eyesight. (SInv)
You are a herbivore.
You cover ground extremely quickly.
You need to consume almost no food.


Message History

A quokka comes into view.
You open the door.
Found a long sword.
Found a stone staircase leading down.
There is an open door here.
Found 8 gold pieces.
Found a scroll labeled DEIZIUCAPLU.
You now have 77 gold pieces (gained 8).
l - a scroll labeled DEIZIUCAPLU As you open the door, it creaks loudly!
Sigmund the Dreaded comes into view.
He is wielding a +0 scythe and carrying a wand of polymorph (4).
Sigmund misses you.
Found an opulent altar of Gozag.
Sigmund gestures at you while chanting. The magic dart hits you!
Ouch! That really hurt!
There is an open door here.
Sigmund points at you and mumbles some strange words.
The magic dart hits you!
Ouch! That really hurt!
You die...

.............###.....r.##.
.###.......## #.#.######.
##.....## #.### #. ##...##
#.# #. #.....# #.# #.
########.###.# #.# #.
#........# .# #.# #.
..######.###.# #####..K@.#
#⌠........# ###..#...##
#'@.#........
#..##.#.####### #_. #⌠#.#
### ###.# #.# #.#


You could see Sigmund and a kobold.

Vanquished Creatures
  3 oozes
  A dart slug (D:2)
  2 bats (D:1)
  4 hobgoblins (D:1)
  3 frilled lizards
  2 goblins (D:1)
  4 kobolds (D:1)
  3 rats (D:1)
22 creatures vanquished.

Notes
Turn   | Place    | Note
-------+----------+-------------------------------------------
     0 | D:1      | Masnef the Spriggan Enchanter began the quest for the Orb.
     0 | D:1      | Reached XP level 1. HP: 9/9 MP: 5/5
   301 | D:1      | Reached skill level 5 in Stealth
   429 | D:1      | Reached XP level 2. HP: 13/13 MP: 6/6
   443 | D:1      | Learned a level 2 spell: Ensorcelled Hibernation
   899 | D:1      | Reached skill level 6 in Stealth
  1639 | D:2      | Reached XP level 3. HP: 16/16 MP: 8/8
  1644 | D:2      | Learned a level 3 spell: Confusing Touch
  1897 | D:2      | Noticed Robin
  1921 | D:2      | Found a faded altar of an unknown god.
  2019 | D:2      | Found an opulent altar of Gozag.
  2019 | D:2      | Noticed Sigmund
  2025 | D:2      | Killed from afar by Sigmund

Illustrated notes

Levels and vault maps discovered:
D:1:      nzn_arrival_depleted_hourglass, layout_basic
D:2:      layout_loops_corners, old_standard_altar,
          nicolae_overflow_quartered_altars, chequers_ecumenical_altar_grove,
          uniq_robin, uniq_sigmund

Skill      XL: |  1  2 |
---------------+-------+-----
Stealth        | 5 6 |  6.6
Short Blades   | |  1.1
Dodging        | |  3.0
Spellcasting   | |  2.6
Hexes          | |  3.6

Action                   || total
-------------------------++-------
Melee: Dagger            ||    93
 Cast: Ensorcelled Hiber ||     1
 Stab: Sleeping          ||    11
       Distracted        ||     1
Armor: Robe              ||    15
Dodge: Dodged            ||    78
